 Dungeon Crawl Stone Soup version 0.16.2-12-gd0ad4c3 (webtiles) character file.

21878 faibistes the Thaumaturge (level 12, -1/64 HPs)
             Began as a Deep Elf Wizard on Jan 24, 2019.
             Was a High Priest of Sif Muna.
             Slain by a catoblepas (15 damage)
             ... on level 4 of the Lair of Beasts.
             The game lasted 01:01:38 (21047 turns).

faibistes the Thaumaturge (Deep Elf Wizard)        Turns: 21047, Time: 01:01:38

Health: -1/64      AC:  8    Str:  4    XL:     12   Next: 58%
Magic:  17/44      EV:  2    Int: 29    God:    Sif Muna [*****.]
Gold:   506        SH:  0    Dex: 13    Spells: 12 memorised, 1 level left

rFire  + . .     SeeInvis .     x - staff of poison
rCold  . . .     Clarity  .     B - +1 robe {rN+}
rNeg   + + +     SustAb   .     (no shield)
rPois  ∞         Gourm    .     b - +0 hat
rElec  .         Spirit   .     S - +2 cloak
rCorr  .         Warding  .     (no gloves)
rMut   .         Stasis   .     m - +1 pair of boots
MR     +....                    (no amulet)
Stlth  ++........               R - ring of magical power
                                s - ring of wizardry

@: petrified, repel missiles, somewhat resistant to hostile enchantments,
unstealthy
A: fire resistance 1
a: Channel Energy, Forget Spell, Renounce Religion


You were on level 4 of the Lair of Beasts.
You worshipped Sif Muna.
Sif Muna was extremely pleased with you.
You were hungry.

You visited 3 branches of the dungeon, and saw 18 of its levels.

You collected 810 gold pieces.
You spent 304 gold pieces at shops.

Inventory:

Hand weapons
 v - a +1 dagger
Armour
 b - a +0 hat (worn)
 m - a +1 pair of boots (worn)
 B - a +1 robe of positive energy (worn)
 S - a +2 cloak (worn)
Magical staves
 x - an uncursed staff of poison (weapon)
Jewellery
 s - a ring of wizardry (left hand)
 R - a ring of magical power (right hand)
Magical devices
 h - a wand of frost (29)
 y - a wand of polymorph (8)
 F - a wand of lightning (4)
 H - a wand of cold (3)
 I - a wand of disintegration (14)
 M - a wand of lightning (3)
 N - a wand of teleportation (5)
 P - a wand of disintegration (13)
 U - a wand of invisibility (5)
 V - a wand of fire (3)
Scrolls
 c - a scroll of summoning
 e - 4 scrolls of teleportation
 g - a scroll of enchant weapon
 p - 3 scrolls of remove curse
 r - 4 scrolls of fog
 t - 3 scrolls of fear
 G - 6 scrolls of blinking
 O - a scroll of magic mapping
 W - 2 scrolls of identify
Potions
 f - 2 potions of flight
 n - a potion of restore abilities
 q - 7 potions of curing
 z - 2 potions of magic
 A - 4 potions of brilliance
 C - a potion of might
 D - a potion of resistance
 E - a potion of heal wounds
 Q - a potion of lignification
 T - 3 potions of haste
Comestibles
 d - 11 bread rations
 j - 11 slices of pizza
 k - 6 meat rations


   Skills:
 + Level 3.1 Fighting
 + Level 8.5 Dodging
 - Level 2.4 Stealth
 * Level 12.2 Spellcasting
 + Level 8.0 Conjurations
 + Level 5.4 Charms
 - Level 1.1 Summonings
 + Level 5.5 Translocations
 - Level 3.8 Transmutations
 + Level 8.0 Fire Magic
 - Level 5.0 Air Magic
 + Level 8.2 Earth Magic
 - Level 2.9 Poison Magic
 * Level 6.8 Invocations
 + Level 5.1 Evocations


You had one spell level left.
You knew the following spells:

 Your Spells              Type           Power        Failure   Level  Hunger
a - Magic Dart            Conj           ####         1%          1    None
b - Conjure Flame         Conj/Fire      ######..     1%          3    None
c - Call Imp              Summ           ###.....     1%          2    None
d - Blink                 Tloc           N/A          1%          2    None
e - Mephitic Cloud        Conj/Pois/Air  ######..     1%          3    None
f - Repel Missiles        Chrm/Air       #####.       1%          2    None
g - Petrify               Trmt/Erth      ######..     1%          4    None
h - Stoneskin             Trmt/Erth      ######..     1%          2    None
j - Dazzling Spray        Conj/Hex       #####...     1%          3    None
k - Airstrike             Air            #####.....   1%          4    None
l - Lee's Rapid Deconstr  Erth           ######....   1%          5    ##.....
x - Stone Arrow           Conj/Erth      ######       1%          3    None


Dungeon Overview and Level Annotations

Branches:
Dungeon (13/15)            Temple (1/1) D:4            Lair (4/8) D:10
 Spider (0/5) Lair:3          Orc (0/4) D:12
  Swamp: Lair:3-6    Shoals: Lair:3-6    Vaults: D:13-14

Altars:
Ashenzari
Cheibriados
Dithmenos
Elyvilon
Fedhas
Gozag
Kikubaaqudgha
Makhleb
Nemelex Xobeh
Okawaru
Qazlal
Ru
Sif Muna
Trog
Vehumet
Xom
Yredelemnul
Zin
The Shining One

Shops:
D:10 [


Innate Abilities, Weirdness & Mutations

Your flesh is heat resistant.


Message History

The blast of calcifying dust hits the yak.
The blast of calcifying dust hits you!
The yak is engulfed in calcifying dust.
The yak is moving more slowly.
Your limbs are stiffening.
You continue eating.
You are engulfed in calcifying dust.
Your limbs have turned to stone.
The yak gores you! x2
The catoblepas breathes a plume of calcifying dust at you.
The blast of calcifying dust hits the yak.
The blast of calcifying dust hits you!
The yak is engulfed in calcifying dust.
The yak stops moving altogether!
You have turned to stone.
The yak gores you.
The yak is engulfed in calcifying dust.
The yak gores you!
The yak is engulfed in calcifying dust.
The yak gores you but does no damage.
The yak is engulfed in calcifying dust.
The catoblepas gores you!!
* * * LOW HITPOINT WARNING * * *
The yak gores you!
* * * LOW HITPOINT WARNING * * *
The yak is engulfed in calcifying dust.
The catoblepas gores you!!
You die...

.. ##......#........+....## ...
#.......#......#....### #$...
.###......###..####.....P ......
.........#.##+.#..#.....P ......
.......................... ......
..........................
.................................
....... .........................
....... .......Y@................
....## ###.....Y###.....#.....P#
....# ##....Y# #.####.....###
....# #....§# ...........###
....+ #....Y. .....P.....#.. ....
#.....# .....#....... ... ......#
P##.....##. ...... #......#. ...
........###


You could see a catoblepas and 2 yaks.

Vanquished Creatures
  Gastronok (Lair:2)
  A hydra (Lair:3)
  Erolcha (D:9)
  A hill giant (D:11)
  An ice statue (D:10)
  2 cyclopes
  3 black mambas
  Joseph (D:8)
  4 spiny frogs
  Psyche (D:8)
  A centaur skeleton (D:12)
  2 komodo dragons (Lair:2)
  A jumping spider (Lair:3)
  A trapdoor spider zombie (D:9)
  A basilisk (D:11)
  5 blink frogs
  4 wyverns
  A hill giant zombie (D:12)
  12 yaks
  A hungry ghost (D:10)
  A human (D:8)
  3 hippogriffs
  Edmund (D:9)
  5 wolves
  8 porcupines
  4 ice beasts
  2 black bears
  5 water moccasins
  3 orc warriors
  3 sky beasts
  6 spiders (D:10)
  3 phantoms
  4 necrophages
  8 crocodiles
  3 ogres
  2 centaurs
  7 giant frogs
  3 scorpions
  A troll zombie (D:12)
  7 killer bees
  4 wights (D:8)
  4 crimson imps
  4 goliath beetles
  2 giant frog zombies (D:11)
  2 lava snakes (D:8)
  2 quasits
  Crazy Yiuf (D:2)
  6 orc priests
  2 giant frog skeletons
  8 hounds
  4 jellies
  7 iguanas
  Natasha (thrice) (D:6)
  23 sheep
  14 worker ants
  A killer bee zombie (D:7)
  3 orc wizards (D:10)
  5 ogre zombies (D:12)
  Jessica (D:2)
  Terence (D:2)
  2 hound skeletons
  2 hound zombies (D:8)
  2 worker ant zombies
  7 gnolls
  16 adders
  56 river rats
  A giant mite (D:7)
  3 shadow imps
  A white imp (D:8)
  3 worms
  2 adder zombies
  6 giant geckos
  An ooze (D:3)
  28 orcs
  28 bats
  A bat skeleton (D:6)
  A bat zombie (D:7)
  2 giant cockroaches
  18 hobgoblins
  2 jackals (D:10)
  9 quokkas
  13 giant newts
  3 giant spores
  8 goblins
  A goblin skeleton (D:12)
  3 goblin zombies (D:12)
  A hobgoblin skeleton (D:12)
  3 hobgoblin zombies (D:12)
  13 kobolds
  4 orc skeletons (D:12)
  13 orc zombies (D:12)
  17 rats
  11 ballistomycetes
  2 fungi
504 creatures vanquished.

Vanquished Creatures (collateral kills)
  A spider (D:10)
  A killer bee (D:7)
  A worker ant (D:9)
  2 gnolls (D:2)
  A worm (D:3)
  A giant gecko (D:3)
  A ball python (D:3)
  A bat (D:3)
  A goblin (D:3)
  A hobgoblin (D:3)
  A rat (D:3)
12 creatures vanquished.

Vanquished Creatures (others)
  An iron imp (D:7)
  A white imp (D:2)
  7 fungi
  A plant (Lair:1)
10 creatures vanquished.

Grand Total: 526 creatures vanquished

Notes
Turn   | Place    | Note
--------------------------------------------------------------
     0 | D:1      | faibistes, the Deep Elf Wizard, began the quest for the Orb.
     0 | D:1      | Reached XP level 1. HP: 10/10 MP: 6/6
   315 | D:1      | Reached XP level 2. HP: 15/15 MP: 8/10
   335 | D:1      | Learned a level 2 spell: Blink
   338 | D:1      | Learned a level 2 spell: Call Imp
   815 | D:2      | Reached skill level 5 in Spellcasting
   823 | D:2      | Reached XP level 3. HP: 10/19 MP: 5/14
   934 | D:1      | Learned a level 3 spell: Conjure Flame
   938 | D:1      | Learned a level 3 spell: Mephitic Cloud
  1084 | D:2      | Noticed Jessica
  1213 | D:2      | Killed Jessica
  1213 | D:2      | Reached XP level 4. HP: 11/24 MP: 6/17
  1223 | D:2      | Learned a level 2 spell: Repel Missiles
  1820 | D:1      | Gained mutation: Your flesh is heat resistant. [potion of beneficial mutation]
  2240 | D:2      | Noticed Crazy Yiuf
  2249 | D:2      | Killed Crazy Yiuf
  2249 | D:2      | Reached XP level 5. HP: 28/28 MP: 7/20
  2348 | D:2      | Noticed Terence
  2365 | D:2      | Killed Terence
  2732 | D:2      | Reached skill level 6 in Spellcasting
  2899 | D:2      | Found a sacrificial altar of Ru.
  2966 | D:2      | Found a radiant altar of Vehumet.
  2967 | D:2      | Found an ancient bone altar of Kikubaaqudgha.
  2987 | D:2      | Found a shimmering altar of Xom.
  3475 | D:5      | Entered Level 5 of the Dungeon
  3563 | D:6      | Reached XP level 6. HP: 32/32 MP: 19/22
  3919 | D:4      | Found a staircase to the Ecumenical Temple.
  4003 | Temple   | Entered the Ecumenical Temple
  4077 | Temple   | Became a worshipper of Sif Muna the Loreminder
  4318 | D:5      | Learned a level 3 spell: Stone Arrow
  4407 | D:4      | Reached skill level 7 in Spellcasting
  5037 | D:5      | Noticed a necrophage
  5040 | D:5      | Killed a necrophage
  5551 | D:6      | Reached skill level 1 in Fire Magic
  5551 | D:6      | Reached XP level 7. HP: 36/36 MP: 15/25
  5793 | D:6      | Reached skill level 1 in Earth Magic
  6355 | D:6      | Noticed Natasha
  6359 | D:6      | Killed Natasha
  6359 | D:6      | Acquired Sif Muna's first power
  6382 | D:6      | Noticed Natasha
  6384 | D:6      | Killed Natasha
  6419 | D:6      | Reached skill level 1 in Poison Magic
  6565 | D:6      | Noticed Natasha
  6567 | D:6      | Killed Natasha
  6643 | D:6      | Reached skill level 1 in Air Magic
  7010 | D:6      | Reached skill level 5 in Dodging
  7281 | D:6      | Reached skill level 8 in Spellcasting
  7390 | D:7      | Found an opulent altar of Gozag.
  7421 | D:7      | Reached XP level 8. HP: 41/41 MP: 2/27
  7710 | D:7      | Acquired Sif Muna's second power
  7710 | D:7      | Reached skill level 5 in Conjurations
  8827 | D:7      | Found a glowing silver altar of Zin.
  8834 | D:7      | Found a white marble altar of Elyvilon.
  8835 | D:7      | Found a glowing golden altar of the Shining One.
  8888 | D:7      | Reached XP level 9. HP: 45/45 MP: 25/29
  9463 | D:8      | Reached skill level 9 in Spellcasting
  9552 | D:8      | Noticed Psyche
  9561 | D:8      | Killed Psyche
  9568 | D:8      | Learned a level 4 spell: Petrify
  9575 | D:8      | Learned a level 5 spell: Lee's Rapid Deconstruction
  9754 | D:8      | Noticed Joseph
  9767 | D:8      | Killed Joseph
  9767 | D:8      | Reached skill level 1 in Invocations
  9910 | D:8      | Reached skill level 1 in Transmutations
  9997 | D:8      | Reached skill level 1 in Charms
 10005 | D:8      | Found an opulent altar of Gozag.
 10013 | D:8      | Reached skill level 1 in Evocations
 10415 | D:8      | Acquired Sif Muna's third power
 10596 | D:8      | Reached skill level 1 in Fighting
 10599 | D:8      | Reached skill level 5 in Fire Magic
 11325 | D:10     | Entered Level 10 of the Dungeon
 11390 | D:9      | Reached XP level 10. HP: 52/52 MP: 25/31
 11449 | D:9      | Learned a level 2 spell: Stoneskin
 11462 | D:9      | Reached skill level 5 in Earth Magic
 11463 | D:9      | Noticed Edmund
 11469 | D:9      | Killed Edmund
 11486 | D:9      | Noticed Erolcha
 11503 | D:9      | Killed Erolcha
 11755 | D:9      | Found a sparkling altar of Nemelex Xobeh.
 11801 | D:9      | Reached skill level 10 in Spellcasting
 12913 | D:11     | Noticed a cyclops
 12928 | D:11     | Killed a cyclops
 13072 | D:11     | Noticed a hill giant
 13082 | D:11     | Killed a hill giant
 13082 | D:11     | Reached XP level 11. HP: 34/57 MP: 10/32
 13524 | D:10     | Noticed a cyclops
 13539 | D:10     | Killed a cyclops
 13863 | D:12     | Received a gift from Sif Muna
 13864 | D:12     | Identified Sif Muna's Incunabulum of the Voyage (Sif Muna gifted it to you on level 12 of the Dungeon)
 13968 | D:12     | Learned a level 3 spell: Dazzling Spray
 14017 | D:12     | Found a staircase to the Orcish Mines.
 14136 | D:10     | Reached skill level 11 in Spellcasting
 14312 | D:10     | Found a staircase to the Lair.
 14325 | D:10     | Reached skill level 5 in Invocations
 14753 | D:10     | Found Waipui's Antique Armour Shop.
 14789 | D:10     | Bought a spiked cloak for 304 gold pieces
 14799 | D:10     | Identified the +2 cloak of the Solstice {+Inv rF++ rC+ Int-3 Dex+4} (You bought it in a shop on level 10 of the Dungeon)
 15067 | D:10     | Noticed an ice statue
 15070 | D:10     | Killed an ice statue
 15206 | D:10     | Got a scintillating steel amulet
 15207 | D:10     | Lost strength.
 15207 | D:10     | Identified the amulet of Bickoyju {Faith Str-5 Int+5 Dex+6} (You found it on level 10 of the Dungeon)
 15268 | Lair:1   | Entered Level 1 of the Lair of Beasts
 16735 | Lair:2   | Reached skill level 5 in Translocations
 16905 | Lair:2   | Noticed Gastronok
 16928 | Lair:2   | Killed Gastronok
 16928 | Lair:2   | Reached XP level 12. HP: 42/64 MP: 23/34
 17074 | Lair:3   | Reached skill level 5 in Charms
 17620 | Lair:2   | Learned a level 4 spell: Airstrike
 19117 | Lair:3   | Noticed a four-headed hydra
 19133 | Lair:3   | Killed a four-headed hydra
 19133 | Lair:3   | Reached skill level 5 in Evocations
 19702 | Lair:4   | Reached skill level 12 in Spellcasting
 20131 | Lair:3   | Found a hole to the Spider Nest.
 20419 | Lair:3   | Reached skill level 5 in Air Magic
 21038 | Lair:4   | Noticed a catoblepas
 21047 | Lair:4   | Slain by a catoblepas

Action                   |  1- 3 |  4- 6 |  7- 9 | 10-12 || total
-------------------------+-------+-------+-------+-------++-------
Melee: Unarmed           |       |     2 |       |       ||     2
       Dagger            |       |     3 |    11 |     9 ||    23
       Staff             |       |       |       |    23 ||    23
 Cast: Magic Dart        |    60 |   171 |   160 |    80 ||   471
       Call Imp          |     4 |     3 |     3 |       ||    10
       Mephitic Cloud    |     2 |     7 |    15 |     9 ||    33
       Blink             |       |     4 |     5 |    18 ||    27
       Conjure Flame     |       |     9 |    27 |    26 ||    62
       Repel Missiles    |       |     1 |     1 |     1 ||     3
       Stone Arrow       |       |     4 |   146 |   224 ||   374
       Lee's Rapid Decon |       |       |     3 |   135 ||   138
       Petrify           |       |       |       |    31 ||    31
       Stoneskin         |       |       |       |     1 ||     1
       Airstrike         |       |       |       |     7 ||     7
       Dazzling Spray    |       |       |       |     3 ||     3
Invok: Channel Energy    |       |       |     6 |    69 ||    75
Evoke: Wand              |       |       |     1 |     2 ||     3
  Use: Scroll            |       |    15 |    10 |     5 ||    30
       Potion            |       |     2 |       |       ||     2
 Stab: Confused          |       |       |     1 |       ||     1
  Eat: Chunk             |     1 |    13 |    19 |    40 ||    73
       Fruit             |       |       |       |     3 ||     3
       Beef jerky        |       |       |       |     3 ||     3
       Royal jelly       |       |       |       |     2 ||     2
